 Dungeon Crawl Stone Soup version 0.22-a0-848-ge9e22a0 (webtiles) character file.

84 seren the Skirmisher (level 4, -6/48 HPs)
             Began as an Ogre Fighter on July 26, 2018.
             Mangled by Crazy Yiuf
             ... wielding a +2 quarterstaff of chaos
              (7 damage)
             ... on level 2 of the Dungeon.
             The game lasted 00:04:24 (1388 turns).

seren the Skirmisher (Ogre Fighter)                 Turns: 1388, Time: 00:04:25

Health: -6/48      AC:  3    Str: 25    XL:     4   Next: 46%
Magic:  4/4        EV:  8    Int:  9    God:
Gold:   169        SH:  9    Dex:  9    Spells: 3/3 levels left

rFire    . . .     SeeInvis .   a - +0 flail
rCold    . . .     Gourm    .   c - +0 shield
rNeg     . . .     Faith    .   b - +0 robe
rPois    .         Spirit   .   (helmet restricted)
rElec    .         Reflect  .   (no cloak)
rCorr    .         Harm     .   (gloves unavailable)
MR       .....                  (boots unavailable)
Stlth    +.........             (no amulet)
HPRegen  0.16/turn              (no ring)
MPRegen  0.09/turn              (no ring)

@: mighty, lethally poisoned (-6 -> -14), drained
A: large, unfitting armour, tough skin 1
a: no special abilities


You were on level 2 of the Dungeon.
You were not hungry.

You visited 1 branch of the dungeon, and saw 2 of its levels.

You collected 169 gold pieces.

Inventory:

Hand Weapons
 a - a +0 flail (weapon)
Missiles
 u - 47 stones (quivered)
Armour
 b - a +0 robe (worn)
 c - a +0 shield (worn)
Jewellery
 h - a cursed -3 ring of dexterity {unknown}
 m - an uncursed ring of see invisible {unknown}
Scrolls
 e - 3 scrolls of amnesia {unknown}
 j - a scroll of enchant armour {unknown}
 k - 2 scrolls of remove curse {unknown}
 l - 2 scrolls of enchant weapon {unknown}
 o - a scroll of immolation {unknown}
 r - a scroll of teleportation {unknown}
 s - 2 scrolls of identify {unknown}
 t - a scroll of fog {unknown}
Potions
 d - a potion of might
 g - 2 potions of resistance {unknown}
 i - 2 potions of berserk rage {unknown}
 n - a potion of haste {unknown}
 p - a potion of brilliance {unknown}
Comestibles
 f - 6 rations
 q - a chunk of flesh


   Skills:
 - Level 4.0(3.4) Fighting
 * Level 3.3(2.8) Maces & Flails
 - Level 3.0(2.4) Dodging
 + Level 3.3(2.8) Shields


You had 3 spell levels left.
You didn't know any spells.
Your spell library was empty.

Dungeon Overview and Level Annotations

Branches:
Dungeon (2/15)

Altars:

Annotations:
D:2 Crazy Yiuf, Robin


Innate Abilities, Weirdness & Mutations

You are too large for most types of armour.
You have tough skin. (AC +1)


Message History

You feel very mighty all of a sudden. You block Crazy Yiuf's attack.
You closely miss Crazy Yiuf.
Crazy Yiuf is moderately wounded.
You block Crazy Yiuf's attack.
You barely miss Crazy Yiuf.
Crazy Yiuf is moderately wounded.
Crazy Yiuf hits you with a quarterstaff of chaos!
* * * LOW HITPOINT WARNING * * *
You are lethally poisoned!
You barely miss Crazy Yiuf.
Crazy Yiuf is moderately wounded.
* * * LOW HITPOINT WARNING * * *
You feel sick.
Crazy Yiuf hits you with a quarterstaff of chaos.
* * * LOW HITPOINT WARNING * * *
You feel drained.
* * * LOW HITPOINT WARNING * * *
Crazy Yiuf hits you with a quarterstaff of chaos!
You die...

##########.....#
.....#####.....#
####...........#
#######.#####
#.# #.# #####
### #..)# #.g.#
## #.@.# .######
##'## ......#
♣♣.♣
....>.######
♣.♣♣
...........#
♣♣.♣
..########.#
♣.♣♣ #.# #.#
♣♣.♣♣ #.# #.#
♣...♣♣ #.# #.#
♣....♣


You could see Crazy Yiuf.

Vanquished Creatures
  Jessica (D:2)
  An adder (D:2)
  A worm (D:2)
  4 dart slugs
  A leopard gecko (D:1)
  A giant cockroach (D:2)
  13 goblins
  6 hobgoblins
  A kobold (D:1)
  4 bats
  A frilled lizard (D:2)
  5 rats
39 creatures vanquished.

Notes
Turn   | Place    | Note
-------+----------+-------------------------------------------
     0 | D:1      | seren the Ogre Fighter began the quest for the Orb.
     0 | D:1      | Reached XP level 1. HP: 24/24 MP: 1/1
   163 | D:1      | Reached XP level 2. HP: 32/32 MP: 2/2
   526 | D:1      | Reached XP level 3. HP: 33/39 MP: 3/3
   789 | D:2      | Noticed Robin
  1123 | D:1      | Reached XP level 4. HP: 46/48 MP: 4/4
  1198 | D:2      | Noticed Jessica
  1209 | D:2      | Killed Jessica
  1372 | D:2      | Found a runed door.
  1376 | D:2      | Noticed Crazy Yiuf
  1380 | D:2      | Paralysed by Crazy Yiuf for 5 turns
  1388 | D:2      | HP: 2/48 [Crazy Yiuf/quarterstaff of chaos (4)]
  1388 | D:2      | Mangled by Crazy Yiuf

Vault maps used:
D:1:      ebering_trefoil_3fold
D:2:      minmay_tall_x, uniq_crazy_yiuf_cottage, uniq_jessica, uniq_robin

Skill      XL: |  1  2  3 |
---------------+----------+-----
Maces & Flails | 2 3 |  3.3
Dodging        | 3 |  3.0
Shields        | 3 |  3.3
Fighting       | |  4.0

Action                   |  1- 3 |  4- 6 || total
-------------------------+-------+-------++-------
Melee: Flail             |    96 |    14 ||   110
  Use: Potion            |       |     1 ||     1
  Eat: Chunk             |     1 |     1 ||     2
Armor: Robe              |    28 |     4 ||    32
Dodge: Dodged            |    33 |     1 ||    34
Block: Shield            |    52 |     7 ||    59

Table legend:
 A = Spawn XP
 B = Non-spawn XP
 C = Spawn XP percentage of total XP
 D = Spawn monster count
 E = Non-spawn monster count
 F = Spawn count percentage of total count
 G = Total turns spent on level
                    A         B        C        D         E        F      G
               +---------+---------+-------+---------+---------+-------+---------
         Total |       0 |     121 |   0.0 |       0 |      39 |   0.0 |  1388
               +---------+---------+-------+---------+---------+-------+---------
           D:1 |       0 |      38 |   0.0 |       0 |      20 |   0.0 |   807
           D:2 |       0 |      83 |   0.0 |       0 |      19 |   0.0 |   581
               +---------+---------+-------+---------+---------+-------+---------
